PIO (24 & UNDER)
SEATTLE RAINIERS @ SALEM SLEDGEHAMMERS
08/27/2026
 
TOP OF THE 1ST
Seattle Rainiers batting - Pitching for Salem Sledgehammers : LHP Miguel Galván
Pitching: LHP Miguel Galván
Batting: RHB Alfredo Farías 0-0: Ball
1-0: Called Strike
1-1: Called Strike
1-2: Ball
2-2: Ball
3-2: Strikes out swinging
Batting: LHB Mike White 0-0: Called Strike
0-1: Ball
1-1: Called Strike
1-2: Ball
2-2: Strikes out swinging
Batting: RHB Enrique Mendoza 0-0: Foul Ball, location: 2F
0-1: Ball
1-1: Swinging Strike
1-2: Ball
2-2: SINGLE (Line Drive, 7S)
Batting: LHB Alan Moore 0-0: Ball
1-0: Ball
2-0: SINGLE (Groundball, 34D)
Enrique Mendoza to second
Runner from 2nd tries for 3rd, SAFE, no throw or cutoff
Batting: RHB Albert Cordero 0-0: Called Strike
0-1: Ball
1-1: Foul Ball, location: 2F
1-2: Ball
2-2: Ball
Wild Pitch!
Enrique Mendoza scores
Alan Moore to second
3-2: Strikes out swinging
Top of the 1st over - 1 run(s), 2 hit(s), 0 error(s), 1 left on base; Seattle 1 - Salem 0
BOTTOM OF THE 1ST
Salem Sledgehammers batting - Pitching for Seattle Rainiers : RHP Lúcio Feliciano
Pitching: RHP Lúcio Feliciano
Batting: RHB Luis Bustamante 0-0: Called Strike
0-1: Ball
1-1: Ball
2-1: Swinging Strike
2-2: SINGLE (Flyball, 89S) - OUT at second base trying to stretch hit.
Batting: LHB José Rivera 0-0: Called Strike
0-1: Ball
1-1: Fly out, F3 (Line Drive, 3)
Batting: LHB Nathan Frey 0-0: Ball
1-0: Ball
2-0: Called Strike
2-1: Foul Ball, location: 2F
2-2: Fly out, F6 (Popup, 6D)
Bottom of the 1st over - 0 run(s), 1 hit(s), 0 error(s), 0 left on base; Seattle 1 - Salem 0
TOP OF THE 2ND
Seattle Rainiers batting - Pitching for Salem Sledgehammers : LHP Miguel Galván
Batting: LHB Will Hill 0-0: Foul Ball, location: 2F
0-1: Ball
1-1: Foul Ball, location: 2F
1-2: Strikes out swinging
Batting: RHB Howard Russell 0-0: Foul Ball, location: 2F
0-1: Called Strike
0-2: SINGLE (Line Drive, 7S)
Batting: RHB Vincent Braun 0-0: Foul Ball, location: 2F
Pickoff Throw to First - Error! E1
Howard Russell to second
0-1: Ground out 6-3 (Groundball, 6M)
Howard Russell to third
Batting: RHB John Hill 0-0: Ball
1-0: Ground out U3 (Groundball, 3S)
Top of the 2nd over - 0 run(s), 1 hit(s), 1 error(s), 1 left on base; Seattle 1 - Salem 0
BOTTOM OF THE 2ND
Salem Sledgehammers batting - Pitching for Seattle Rainiers : RHP Lúcio Feliciano
Batting: SHB Enrique Uribe 0-0: Ball
1-0: Swinging Strike
1-1: Fly out, F6 (Popup, 6)
Batting: RHB Bobby Miller 0-0: Ball
1-0: Ball
2-0: Ball
3-0: Called Strike
3-1: Base on Balls
Batting: RHB Marc Ploughman 0-0: Ball
1-0: Ball
2-0: Fly out, F7 (Flyball, 78M)
Batting: RHB Patrick Daniels 0-0: Ball
1-0: Called Strike
1-1: Foul Ball, location: 2F
1-2: Ball
2-2: Foul Ball, location: 2F
2-2: Strikes out swinging
Bottom of the 2nd over - 0 run(s), 0 hit(s), 0 error(s), 1 left on base; Seattle 1 - Salem 0
TOP OF THE 3RD
Seattle Rainiers batting - Pitching for Salem Sledgehammers : LHP Miguel Galván
Batting: RHB Alfredo Farías 0-0: Called Strike
0-1: Called Strike
0-2: Strikes out looking
Batting: LHB Mike White 0-0: Ball
1-0: Ball
2-0: Ball
3-0: Base on Balls
Batting: RHB Enrique Mendoza 0-0: Foul Ball, location: 2F
0-1: Called Strike
0-2: SINGLE (Groundball, 56D)
Mike White to second
Mike White to third
Batting: LHB Alan Moore 0-0: Called Strike
0-1: Called Strike
0-2: Ball
1-2: Ball
2-2: Foul Ball, location: 2F
2-2: Ball
Enrique Mendoza is caught stealing 2nd base
3-2: Strikes out swinging
Top of the 3rd over - 0 run(s), 1 hit(s), 0 error(s), 1 left on base; Seattle 1 - Salem 0
BOTTOM OF THE 3RD
Salem Sledgehammers batting - Pitching for Seattle Rainiers : RHP Lúcio Feliciano
Batting: LHB Caleb Hall 0-0: Foul Ball, location: 2F
0-1: Fly out, F8 (Flyball, 8LM)
Batting: RHB Lakota O'Reilly 0-0: Swinging Strike
0-1: Swinging Strike
0-2: Foul Ball, location: 2F
0-2: Ball
1-2: Strikes out swinging
Batting: RHB Luis Bustamante 0-0: Foul Ball, location: 2F
0-1: Called Strike
0-2: Fly out, F8 (Flyball, 8LM)
Bottom of the 3rd over - 0 run(s), 0 hit(s), 0 error(s), 0 left on base; Seattle 1 - Salem 0
TOP OF THE 4TH
Seattle Rainiers batting - Pitching for Salem Sledgehammers : LHP Miguel Galván
Batting: RHB Albert Cordero 0-0: Ball
1-0: Ball
2-0: Called Strike
2-1: Ground out 1-3 (Groundball, 13)
Batting: LHB Will Hill 0-0: Called Strike
0-1: Ball
1-1: Ground out 4-3 (Groundball, 4)
Batting: RHB Howard Russell 0-0: Ball
1-0: Ball
2-0: Ball
3-0: Called Strike
3-1: Ground out 5-3 (Groundball, 5S)
Top of the 4th over - 0 run(s), 0 hit(s), 0 error(s), 0 left on base; Seattle 1 - Salem 0
BOTTOM OF THE 4TH
Salem Sledgehammers batting - Pitching for Seattle Rainiers : RHP Lúcio Feliciano
Batting: LHB José Rivera 0-0: Ground out 4-3 (Groundball, 34)
Batting: LHB Nathan Frey 0-0: Called Strike
0-1: Foul Ball, location: 2F
0-2: Foul Ball, location: 2F
0-2: Ball
1-2: Foul Ball, location: 2F
1-2: Foul Ball, location: 2F
1-2: Foul Ball, location: 2F
1-2: Ball
2-2: Ball
3-2: Foul Ball, location: 2F
3-2: Foul Ball, location: 2F
3-2: DOUBLE (Line Drive, 78XD)
Batting: SHB Enrique Uribe 0-0: Ball
1-0: Called Strike
1-1: TRIPLE (Groundball, 3L)
Nathan Frey scores
Batting: RHB Bobby Miller 0-0: Ball
1-0: Reached on error, E5 (Groundball, 56)
Enrique Uribe scores
Batting: RHB Marc Ploughman 0-0: Ball
Bobby Miller steals 2nd base
1-0: Called Strike
1-1: Fly out, F7 (Flyball, 7M)
Batting: RHB Patrick Daniels 0-0: Ball
1-0: Ground out 6-3 (Groundball, 56)
Bottom of the 4th over - 2 run(s), 2 hit(s), 1 error(s), 1 left on base; Seattle 1 - Salem 2
TOP OF THE 5TH
Seattle Rainiers batting - Pitching for Salem Sledgehammers : LHP Miguel Galván
Batting: RHB Vincent Braun 0-0: Called Strike
0-1: Swinging Strike
0-2: Strikes out swinging
Batting: RHB John Hill 0-0: Ball
1-0: Foul Ball, location: 2F
1-1: Ball
2-1: Ground out 1-3 (Groundball, 13)
Batting: RHB Alfredo Farías 0-0: SINGLE (Flyball, 9LS)
Batting: LHB Mike White 0-0: Ball
1-0: SINGLE (Flyball, 6MD)
Alfredo Farías to second
Runner from 2nd tries for 3rd, OUT!
Top of the 5th over - 0 run(s), 2 hit(s), 0 error(s), 1 left on base; Seattle 1 - Salem 2
BOTTOM OF THE 5TH
Salem Sledgehammers batting - Pitching for Seattle Rainiers : RHP Lúcio Feliciano
Batting: LHB Caleb Hall 0-0: Called Strike
0-1: Ball
1-1: Foul Ball, location: 2F
1-2: Ball
2-2: Foul Ball, location: 2F
2-2: Ground out 1-3 (Groundball, 13)
Batting: RHB Lakota O'Reilly 0-0: Ball
1-0: Called Strike
1-1: Swinging Strike
1-2: Ball
2-2: Foul Ball, location: 2F
2-2: Strikes out looking
Batting: RHB Luis Bustamante 0-0: Called Strike
0-1: Ball
1-1: Ground out 6-3 (Groundball, 6)
Bottom of the 5th over - 0 run(s), 0 hit(s), 0 error(s), 0 left on base; Seattle 1 - Salem 2
TOP OF THE 6TH
Seattle Rainiers batting - Pitching for Salem Sledgehammers : LHP Miguel Galván
Batting: RHB Enrique Mendoza 0-0: Ground out 5-3 (Groundball, 56)
Batting: LHB Alan Moore 0-0: Called Strike
0-1: Ball
1-1: Foul Ball, location: 2F
1-2: Ball
2-2: Strikes out swinging
Batting: RHB Albert Cordero 0-0: Called Strike
0-1: Foul Ball, location: 2F
0-2: Ball
1-2: Strikes out looking
Top of the 6th over - 0 run(s), 0 hit(s), 0 error(s), 0 left on base; Seattle 1 - Salem 2
BOTTOM OF THE 6TH
Salem Sledgehammers batting - Pitching for Seattle Rainiers : RHP Lúcio Feliciano
Batting: LHB José Rivera 0-0: Ball
1-0: Swinging Strike
1-1: Swinging Strike
1-2: Fly out, F8 (Flyball, 8RM)
Batting: LHB Nathan Frey 0-0: Called Strike
0-1: Ball
1-1: Ball
2-1: Ball
3-1: Ground out 1-3 (Groundball, 23)
Batting: SHB Enrique Uribe 0-0: Fly out, F7 (Flyball, 78M)
Bottom of the 6th over - 0 run(s), 0 hit(s), 0 error(s), 0 left on base; Seattle 1 - Salem 2
TOP OF THE 7TH
Seattle Rainiers batting - Pitching for Salem Sledgehammers : LHP Miguel Galván
Pitching: RHP Blake Koepke
Batting: LHB Will Hill 0-0: Ball
1-0: Fly out, F7 (Line Drive, 7S)
Batting: RHB Howard Russell 0-0: Ball
1-0: Foul Ball, location: 2F
1-1: Fly out, F8 (Flyball, 6MD)
Batting: RHB Vincent Braun 0-0: Swinging Strike
0-1: Swinging Strike
0-2: Strikes out swinging
Top of the 7th over - 0 run(s), 0 hit(s), 0 error(s), 0 left on base; Seattle 1 - Salem 2
BOTTOM OF THE 7TH
Salem Sledgehammers batting - Pitching for Seattle Rainiers : RHP Lúcio Feliciano
Pitching: LHP William Gordon
Batting: RHB Bobby Miller 0-0: Ball
1-0: Ball
2-0: SINGLE (Line Drive, 78S)
Batting: RHB Marc Ploughman 0-0: Ball
1-0: Sac Bunt - play at first, batter OUT! 1-4
Bobby Miller to second
Pinch Hitting: RHB Glenn Broadwater 0-0: Intentional Walk
Batting: LHB Caleb Hall 0-0: Grounds into double play, 4-6-3 (Groundball, 4)
Bottom of the 7th over - 0 run(s), 1 hit(s), 0 error(s), 1 left on base; Seattle 1 - Salem 2
TOP OF THE 8TH
Seattle Rainiers batting - Pitching for Salem Sledgehammers : RHP Blake Koepke
Now in LF: Glenn Broadwater
Batting: RHB John Hill 0-0: Ball
1-0: Swinging Strike
1-1: Swinging Strike
1-2: Strikes out swinging
Batting: RHB Alfredo Farías 0-0: Called Strike
0-1: Called Strike
0-2: Strikes out swinging
Pitching: LHP Alberto Pagán
Batting: LHB Mike White 0-0: Foul Ball, location: 2F
0-1: Fly out, F8 (Line Drive, 8LM)
Top of the 8th over - 0 run(s), 0 hit(s), 0 error(s), 0 left on base; Seattle 1 - Salem 2
BOTTOM OF THE 8TH
Salem Sledgehammers batting - Pitching for Seattle Rainiers : LHP William Gordon
Batting: RHB Lakota O'Reilly 0-0: Ball
1-0: Ball
2-0: Ball
3-0: Base on Balls
Batting: RHB Luis Bustamante 0-0: Ball
1-0: DOUBLE (Flyball, 9LD)
Lakota O'Reilly to third
Batting: LHB José Rivera 0-0: Intentional Walk
Batting: LHB Nathan Frey 0-0: Called Strike
0-1: Ball
1-1: Ball
2-1: Foul Ball, location: 2F
2-2: Ball
3-2: Fly out, F9 (Flyball, 9LD)
Runner from 3rd tags up, SCORES, no throw
Pinch Hitting: RHB Gilberto Silva 0-0: Foul Ball, location: 2F
0-1: Ball
1-1: Ball
2-1: Foul Ball, location: 2F
2-2: Ball
3-2: Strikes out swinging
Batting: RHB Bobby Miller 0-0: Ground out 5-3 (Groundball, 56S)
Bottom of the 8th over - 1 run(s), 1 hit(s), 0 error(s), 2 left on base; Seattle 1 - Salem 3
TOP OF THE 9TH
Seattle Rainiers batting - Pitching for Salem Sledgehammers : LHP Alberto Pagán
Pitching: RHP Norberto Deleón
Now in CF: José García
Batting: RHB Enrique Mendoza 0-0: Fly out, F8 (Line Drive, 8RM)
Batting: LHB Alan Moore 0-0: Ball
1-0: Ball
2-0: Called Strike
2-1: Fly out, F5 (Popup, 56)
Batting: RHB Albert Cordero 0-0: Ball
1-0: Fly out, F7 (Flyball, 78S)
Top of the 9th over - 0 run(s), 0 hit(s), 0 error(s), 0 left on base; Seattle 1 - Salem 3
Monday, December 5th, 2016 - OOTP Baseball 17.12 Build 75